 Dungeon Crawl Stone Soup version 0.29-a0-321-gf1c400731a (webtiles) character file.

Game seed: 8938972238700741972

11 Dabor the Insei (level 2, 0/18 HPs)
             Began as an Octopode Transmuter on Apr 3, 2022.
             Was a Believer of Lugonu.
             Slain by a goblin
             ... wielding a +0 club
              (4 damage)
             ... on level 1 of the Dungeon.
             The game lasted 00:00:38 (512 turns).

Dabor the Insei (Octopode Transmuter)                Turns: 512, Time: 00:00:39

Health: 0/18       AC:  1    Str:  9    XL:     2   Next: 29%
Magic:  5/5        EV: 13    Int: 15    God:    Lugonu [**....]
Gold:   12         SH:  0    Dex: 12    Spells: 4/5 levels left

rFire   . . .      SeeInvis .     - Unarmed
rCold   . . .      Faith    .   (no shield)
rNeg    . . .      Spirit   .   (helmet restricted)
rPois   .          Reflect  .   (no amulet)
rElec   .          Harm     .   (no ring)
rCorr   .          Rampage  .   (no ring)
Will    .....                   (no ring)
Stlth   ++........              (no ring)
HPRegen 0.06/turn               (no ring)
MPRegen 0.09/turn               (no ring)
                                (no ring)
                                (no ring)

@: no status effects
A: almost no armour, amphibious, 8 rings, camouflage 1, gelatinous body 1,
(nimble swimmer 1), tentacles
a: Renounce Religion, Depart the Abyss, Bend Space


You were on level 1 of the Dungeon.
You worshipped Lugonu.
Lugonu was pleased with you.
You visited 1 branch of the dungeon, and saw 1 of its levels.

You collected 12 gold pieces.

Inventory:

Jewellery
 c - a ring of flight
Scrolls
 b - a scroll of identify {unknown}
 f - a scroll of noise {unknown}
 g - a scroll of teleportation {unknown}
Potions
 a - a potion of lignification
 d - 2 potions of heal wounds {unknown}
 e - a potion of flight {unknown}


   Skills:
 + Level 1.2 Fighting
 + Level 2.2 Dodging
 + Level 3.1 Unarmed Combat
 + Level 2.1 Spellcasting
 + Level 2.1 Transmutations


You had 4 spell levels left.
You knew the following spells:

 Your Spells              Type           Power      Damage    Failure   Level
a - Beastly Appendage     Tmut           16%        N/A       9%          1

Your spell library contained the following spells:

 Spells                   Type           Power      Damage    Failure   Level
 Wereblood                Tmut           8%         N/A       14%         2
 Spider Form              Tmut/Pois      4%         N/A       38%         3
 Ice Form                 Ice/Tmut       4%         N/A       80%         4


Dungeon Overview and Level Annotations

Branches:
Dungeon (1/15)

Altars:
Lugonu


Innate Abilities, Weirdness & Mutations

You cannot wear most types of armour.
You are amphibious.
You can wear up to eight rings at the same time.
Your skin changes colour to match your surroundings (Stealth+).
Your rubbery body absorbs attacks. (AC +1, EV +1)
((You are camouflaged when in or above water. (Stealth+)))
You have tentacles for arms and can constrict up to eight enemies at once.


Message History

You barely miss the goblin. Your grab misses the goblin.
Your squeeze misses the goblin. You tentacle-slap the goblin.
Your grab misses the goblin.
The goblin is heavily wounded.
The goblin hits you with a +0 club.
You tentacle-slap the goblin.
You kill the goblin!
Lugonu accepts your kill.
No target in view!
No target in view!
Unknown command.
Things that are here:
a +0 club; a goblin corpse You open the door.
A kobold comes into view. It is wielding a +0 whip.
Found a stone staircase leading down.
A kobold is nearby!
A kobold is nearby!
A kobold is nearby!
A kobold is nearby!
A goblin comes into view. It is wielding a +0 club.
The goblin shouts!
The kobold shouts!
The kobold throws a stone.
The stone misses you.
There is an open door here.
The kobold throws a stone.
The stone barely misses you. The kobold hits you with a +0 whip.
The kobold hits you with a +0 whip. The kobold barely misses you.
The goblin misses you. The kobold closely misses you.
The goblin hits you with a +0 club. The kobold misses you.
The goblin closely misses you. The kobold hits you but does no damage.
The goblin hits you with a +0 club. The kobold barely misses you.
The goblin misses you. The kobold closely misses you.
The goblin barely misses you. The kobold hits you with a +0 whip.
* * * LOW HITPOINT WARNING * * *
The goblin misses you. The kobold hits you but does no damage.
The goblin hits you but does no damage. The kobold closely misses you.
The goblin closely misses you. The kobold closely misses you.
The goblin hits you with a +0 club.
You die...

#.# ##.## #.###...#.. #.# #.#
####)..##.# ###.### #.#
##...##.# .....# ##+##
#....##.# #.#.## ##...##
#.......# #....# ##.....##
#....#### #....#
##.......###....##
#.###....###..g......##.....##
...........'..@......+##.....#
####....###..K>.....# #...>##
#..#.# ##.......## ##..####
#.)#.# ##.....## #......
#....# ##...## ##.###. ##.###
##+## #.# #. #.# #.# # #.# #.
#.# #.# #.#.# #. #.# #####.###
#.#.###.


You could see a goblin and a kobold.

Vanquished Creatures
  A ball python (D:1)
  An endoplasm (D:1)
  A giant cockroach (D:1)
  3 hobgoblins (D:1)
  2 goblins (D:1)
  A kobold (D:1)
  A rat (D:1)
10 creatures vanquished.

Notes
Turn   | Place    | Note
-------+----------+-------------------------------------------
     0 | D:1      | Dabor the Octopode Transmuter began the quest for the Orb.
     0 | D:1      | Reached XP level 1. HP: 13/13 MP: 3/3
   252 | D:1      | Reached XP level 2. HP: 16/18 MP: 3/5
   351 | D:1      | Found a faded altar of an unknown god.
   363 | D:1      | Prayed at the altar of an unknown god.
   363 | D:1      | Became a worshipper of Lugonu the Unformed
   363 | D:1      | Reached * piety under Lugonu
   363 | D:1      | Reached ** piety under Lugonu
   512 | D:1      | Slain by a goblin

Illustrated notes

Levels and vault maps discovered:
D:1:      dpeg_arrival_simpleton_a, layout_loops_corners,
          hellmonk_ecumenical_altar_zigzags, serial_bayou_crossing

Action                   || total
-------------------------++-------
Melee: Unarmed           ||    15
       Constrict         ||     4
       Tentacles         ||     5
       Kick              ||     2
 Cast: Beastly Appendage ||     2
 Stab: Sleeping          ||     2
Armor: Skin              ||     3
Dodge: Dodged            ||    16

Table legend: (Time is in decaauts)
 A = Elapsed time spent in this place.
 B = Non-inter-level travel time spent in this place.
 C = Inter-level travel time spent in this place.
 D = Time resting spent in this place.
 E = Time spent auto-exploring this place.
 F = Levels seen in this place.
 G = Mean time per level.
                   A        B        C        D        E       F      G
               +--------+--------+--------+--------+--------+-----+--------+
         Total |    510 |    510 |      0 |      0 |    429 |   1 |  510.0 |
       Dungeon |    510 |    510 |      0 |      0 |    429 |   1 |  510.0 |
               +--------+--------+--------+--------+--------+-----+--------+

Top non-repeatable levels by time:
     D:1: 510 daAuts
